 Dungeon Crawl Stone Soup version 0.24-a0-70-gf44d0c5 (console) character file.

Game seed: 17829322872329757804

93 Duffy the Chopper (level 4, 0/42 HPs)
             Began as a Naga Fighter on Feb 6, 2019.
             Slain by Sigmund
             ... wielding a +0 scythe
              (10 damage)
             ... on level 2 of the Dungeon.
             The game lasted 00:02:29 (2498 turns).

Duffy the Chopper (Naga Fighter)                    Turns: 2498, Time: 00:02:30

Health: 0/42       AC:  4    Str: 19    XL:     4   Next: 62%
Magic:  4/4        EV:  5    Int:  8    God:
Gold:   32         SH:  9    Dex: 11    Spells: 3/3 levels left

rFire    . . .     SeeInvis +   a - +0 war axe
rCold    . . .     Gourm    .   c - +0 shield
rNeg     . . .     Faith    .   b - +0 scale mail
rPois    +         Spirit   .   (no helmet)
rElec    .         Reflect  .   (no cloak)
rCorr    .         Harm     .   (no gloves)
MR       .....                  (no barding)
Stlth    ..........             l - amulet of inaccuracy (curse)
HPRegen  0.14/turn              (no ring)
MPRegen  0.09/turn              (no ring)

@: short of breath, very slow
A: large, see invisible, deformed body, poison resistance, slowness 2, slow
metabolism 1, spit poison 1, AC +1
a: Spit Poison


You were on level 2 of the Dungeon.
You were very hungry.

You visited 1 branch of the dungeon, and saw 2 of its levels.

You collected 32 gold pieces.

Inventory:

Hand Weapons
 a - a +0 war axe (weapon)
Armour
 b - a +0 scale mail (worn)
 c - a +0 shield (worn)
Jewellery
 j - an uncursed amulet of guardian spirit
 l - a cursed amulet of inaccuracy (around neck)
Scrolls
 e - a scroll of teleportation
 h - a scroll of enchant weapon
Potions
 d - a potion of might
 i - a potion of berserk rage
 k - a potion of cancellation {unknown}
Comestibles
 f - 4 rations


   Skills:
 - Level 3.0 Fighting
 + Level 3.5 Axes
 - Level 2.4 Armour
 + Level 3.5 Shields


You had 3 spell levels left.
You didn't know any spells.
Your spell library was empty.

Dungeon Overview and Level Annotations

Branches:
Dungeon (2/15)

Altars:

Annotations:
D:2 Sigmund


Innate Abilities, Weirdness & Mutations

You cannot wear boots.
Your serpentine skin is tough. (AC +1)
You have supernaturally acute eyesight. (SInv)
Armour fits poorly on your strangely shaped body.
Your system is resistant to poisons. (rPois)
You cover ground very slowly.
You have a slow metabolism.
You can spit poison.


Message History

You resist with some effort.
Press: ? - help, Shift-Dir - straight line, f/p - Sigmund
Aim: Sigmund, wielding a +0 scythe and wearing a +0 robe (lightly wounded, slightly transparent)
The splash of poison misses Sigmund.
You feel slightly more hungry. Sigmund barely misses you.
You closely miss Sigmund.
Sigmund is lightly wounded.
Sigmund hits you but does no damage.
You barely miss Sigmund.
Sigmund is lightly wounded.
You block Sigmund's attack.
You miss Sigmund.
Sigmund is lightly wounded.
You have got your breath back.
You block Sigmund's attack.
Press: ? - help, Shift-Dir - straight line, f/p - Sigmund
Aim: Sigmund, wielding a +0 scythe and wearing a +0 robe (lightly wounded, slightly transparent)
The splash of poison misses Sigmund.
You feel slightly more hungry. Sigmund hits you with a +0 scythe!
You die...

#...........###
#...................#.#
......................#
.....%...............>
.....##..............#
#######..............#
# #.............#
#######...........@.#
.....##..........@..#
....................#
....................#
....................#
..............#######
#.............#
#.............#
#.............#
#.............#


You could see Sigmund (invisible).

Vanquished Creatures
  4 adders (D:2)
  3 dart slugs
  4 giant cockroaches
  4 goblins
  8 hobgoblins
  2 jackals (D:1)
  A quokka (D:2)
  6 bats
  7 frilled lizards
  7 kobolds
  3 rats
49 creatures vanquished.

Notes
Turn   | Place    | Note
-------+----------+-------------------------------------------
     0 | D:1      | Duffy the Naga Fighter began the quest for the Orb.
     0 | D:1      | Reached XP level 1. HP: 21/21 MP: 1/1
   206 | D:1      | Reached XP level 2. HP: 28/28 MP: 2/2
   467 | D:1      | Reached XP level 3. HP: 25/34 MP: 3/3
  1450 | D:2      | Reached XP level 4. HP: 21/42 MP: 4/4
  2478 | D:2      | Noticed Sigmund
  2498 | D:2      | Slain by Sigmund

Vault maps used:
D:1:      shiori_arrival_oz, layout_basic, st_stairs_7
D:2:      layout_basic, uniq_sigmund

Skill      XL: |  1  2  3 |
---------------+----------+-----
Shields        | 3 |  3.5
Axes           | 3 |  3.5
Fighting       | |  3.0
Armour         | |  2.4

Action                   |  1- 3 |  4- 6 || total
-------------------------+-------+-------++-------
Melee: War axe           |    81 |    94 ||   175
 Abil: Spit Poison       |    23 |    19 ||    42
  Use: Scroll            |       |     5 ||     5
  Eat: Chunk             |     2 |     3 ||     5
Armor: Scale mail        |    41 |    91 ||   132
Dodge: Dodged            |    21 |    47 ||    68
Block: Shield            |    46 |    84 ||   130

Table legend:
 A = Non-vault XP
 B = Vault XP
 C = Vault XP percentage of total XP
 D = Non-vault monster count
 E = Vault monster count
 F = Vault count percentage of total count
                 A         B        C        D         E       F
            +---------+---------+-------+---------+---------+-------
      Total |     130 |       4 |   3.0 |      46 |       3 |   6.1
            +---------+---------+-------+---------+---------+-------
        D:1 |      42 |       4 |   8.7 |      23 |       3 |  11.5
        D:2 |      88 |       0 |   0.0 |      23 |       0 |   0.0
            +---------+---------+-------+---------+---------+-------
